 Dungeon Crawl Stone Soup version 0.29-a0-330-g52719c12eb (webtiles) character file.

Game seed: 8841755863400576973

540 Ajdolov the Digger (level 7, -14/46 HPs)
             Began as a Formicid Earth Elementalist on Apr 15, 2022.
             Demolished by an orc warrior
             ... wielding a +0 battleaxe
              (19 damage)
             ... on level 5 of the Dungeon.
             The game lasted 00:13:21 (5693 turns).

Ajdolov the Digger (Formicid Earth Elementalist)    Turns: 5693, Time: 00:13:22

Health: -14/46     AC:  2    Str: 13    XL:     7   Next: 51%
Magic:  1/11       EV: 12    Int: 16    God:
Gold:   250        SH:  0    Dex: 11    Spells: 7/11 levels left

rFire   . . .      SeeInvis +   d - +0 quick blade
rCold   . . .      Faith    .   (no shield)
rNeg    . . .      Spirit   .   b - +0 robe
rPois   .          Reflect  .   (helmet unavailable)
rElec   .          Harm     .   (no cloak)
rCorr   .          Rampage  .   (no gloves)
Will    .....                   (no boots)
Stlth   ++........              (no amulet)
HPRegen 0.15/turn               i - ring of flight
MPRegen 0.12/turn               (no ring)

@: flying
A: permanent stasis, dig shafts and tunnels, antennae 3, four strong arms
a: Dig, Shaft Self


You were on level 5 of the Dungeon.
You visited 2 branches of the dungeon, and saw 6 of its levels.

You collected 250 gold pieces.

Inventory:

Hand Weapons
 d - a +0 quick blade (weapon)
Missiles
 a - 117 stones
Armour
 b - a +0 robe (worn)
Jewellery
 i - a ring of flight (left hand)
 l - a ring of ice
Wands
 n - a wand of mindburst (8)
Scrolls
 e - 2 scrolls of teleportation {unknown}
 f - 2 scrolls of blinking {unknown}
 g - 3 scrolls of identify {unknown}
 j - 2 scrolls of enchant armour {unknown}
 k - 2 scrolls of noise {unknown}
 m - a scroll of brand weapon {unknown}
 o - a scroll of holy word {unknown}
 p - a scroll of summoning {unknown}
 r - a scroll of fog {unknown}
Potions
 c - 2 potions of magic
 h - a potion of mutation {unknown}
 q - a potion of curing {unknown}
 s - a potion of attraction {unknown}


   Skills:
 - Level 1.7 Dodging
 - Level 2.4 Stealth
 + Level 2.7 Spellcasting
 * Level 4.7 Conjurations
 - Level 1.1 Transmutations
 - Level 7.0 Earth Magic


You had 7 spell levels left.
You knew the following spells:

 Your Spells              Type           Power      Damage    Failure   Level
a - Sandblast             Erth           48%        2d12      1%          1
b - Stone Arrow           Conj/Erth      40%        3d9       5%          3

Your spell library contained the following spells:

 Spells                   Type           Power      Damage    Failure   Level
 Passwall                 Tmut/Erth      12%        N/A       5%          2
 Summon Small Mammal      Summ           8%         N/A       19%         1
 Dazzling Flash           Conj/Hex       18%        N/A       22%         3
 Petrify                  Tmut/Erth      15%        N/A       36%         4
 Call Canine Familiar     Summ           2%         N/A       50%         3
 Summon Guardian Golem    Hex/Summ       2%         N/A       50%         3
 Agony                    Necr           2%         N/A       99%         5
 Silence                  Hex/Air        1%         N/A       99%         5
 Orb of Destruction       Conj           8%         9d6       100%        7
 Spellforged Servitor     Conj/Summ      4%         N/A       100%        7


Dungeon Overview and Level Annotations

Branches:
Dungeon (5/15)             Temple (1/1) D:4

Altars:
Ashenzari
Cheibriados
Fedhas
Gozag
Hepliaklqana
Kikubaaqudgha
Makhleb
Nemelex Xobeh
Okawaru
Qazlal
Ru
Sif Muna
Trog
Vehumet
Wu Jian
Xom
Yredelemnul
Zin

Annotations:
D:4 exclusions: killer bee, ogre and 2 sensed monsters (detected), Pargi


Innate Abilities, Weirdness & Mutations

You cannot be hasted, slowed, berserked, paralysed or teleported.
You can dig through walls and to a lower floor.
You have a pair of large antennae on your head. (SInv)
Your four strong arms can wield two-handed weapons with a shield.


Message History

The orc wizard hits you with a +1 dagger of electrocution.
The hound bites you but does no damage.
Casting: Stone Arrow (dangerous; 5% risk of failure)
Confirm with . or Enter, or press ? or * to list all spells.
Aiming: Stone Arrow (dangerous; 5% risk of failure)
Press: ? - help, Shift-Dir - straight line, f/p - hound
Aim: a hound (moderately wounded, 60% to hit)
The stone arrow hits the hound!
The hound is almost dead.
The hound bites you.
Unknown command.
Aiming: Mindburst
Press: ? - help, Shift-Dir - straight line, f/p - hound
Aim: a hound (almost dead, chance to affect: 72%)
The hound struggles to resist.
The hound bites you but does no damage. The hound bites you.
There are monsters nearby!
Unknown command.
Aiming: Mindburst
Press: ? - help, Shift-Dir - straight line, f/p - hound
Aim: a hound (almost dead, chance to affect: 72%)
The hound's mind is blasted!
You blow up the hound!
Aiming: Mindburst
Press: ? - help, Shift-Dir - straight line, f - orc warrior
Aim: an orc warrior, wielding a +0 battleaxe and wearing a +0 chain mail (chance to affect: 64%)
The orc warrior's mind is blasted.
The orc warrior hits you with a +0 battleaxe!
* * * LOW HITPOINT WARNING * * *
Aiming: Mindburst
Press: ? - help, Shift-Dir - straight line, f/p - orc warrior
Aim: an orc warrior, wielding a +0 battleaxe and wearing a +0 chain mail (moderately wounded, chance to affect: 64%)
The orc warrior struggles to resist.
Unknown command.
Aiming: Mindburst
Press: ? - help, Shift-Dir - straight line, f/p - orc warrior
Aim: an orc warrior, wielding a +0 battleaxe and wearing a +0 chain mail (moderately wounded, chance to affect: 64%)
The orc warrior struggles to resist.
The orc warrior hits you with a +0 battleaxe!!
You die...

#[..o.#.#..#..#.##
##.#h ####...##.#
.. #...#.## o#
###.#.#.# o
#.#.#.#.#
#...#...#
###..#..##
#.#o...##
##@##..##
#.#o#...#
#.##o##.##
#.###.#..# #.#
##.### { #.# ##.#
#########.## ###
#..........#
#.########.#


You could see an orc warrior and 2 orc wizards.

Vanquished Creatures
  An ogre (D:4)
  A centaur (D:3)
  A phantom (D:5)
  A scorpion (D:3)
  3 hounds
  2 iguanas (D:4)
  3 adders
  2 worms
  A dart slug (D:3)
  5 orcs
  3 bats
  8 endoplasms
  3 giant cockroaches (D:1)
  2 goblins
  8 hobgoblins
  6 jackals
  3 quokkas
  5 ball pythons
  A frilled lizard (D:2)
  4 kobolds (D:2)
  4 rats
  A spectral kobold (D:1)
68 creatures vanquished.

Notes
Turn   | Place    | Note
-------+----------+-------------------------------------------
     0 | D:1      | Ajdolov the Formicid Earth Elementalist began the quest for
                  | the Orb.
     0 | D:1      | Reached XP level 1. HP: 13/13 MP: 3/3
   138 | D:1      | Reached XP level 2. HP: 10/19 MP: 3/5
   139 | D:1      | Reached skill level 4 in Earth Magic
   290 | D:1      | Reached skill level 1 in Conjurations
   594 | D:1      | Found a faded altar of an unknown god.
   700 | D:1      | Reached XP level 3. HP: 21/24 MP: 6/6
   704 | D:1      | Learned a level 3 spell: Stone Arrow
  1644 | D:2      | Reached XP level 4. HP: 14/30 MP: 5/7
  2238 | D:3      | Noticed a scorpion
  2249 | D:3      | Killed a scorpion
  2250 | D:3      | Reached skill level 5 in Earth Magic
  2250 | D:3      | Reached XP level 5. HP: 4/35 MP: 0/8
  2635 | D:3      | Noticed a centaur
  2644 | D:3      | Killed a centaur
  2645 | D:3      | Reached XP level 6. HP: 3/41 MP: 1/9
  3303 | D:3      | Reached skill level 6 in Earth Magic
  3829 | D:4      | Identified the +1 chain mail "Tipief" {rF++ Regen+ rCorr
                  | Dex-5}
  3868 | D:4      | Noticed Pargi
  3899 | D:4      | Noticed an ogre
  4140 | D:4      | Found a staircase to the Ecumenical Temple.
  4156 | Temple   | Entered the Ecumenical Temple
  4546 | D:4      | Killed an ogre
  4547 | D:4      | Reached XP level 7. HP: 10/46 MP: 0/10
  5177 | D:4      | Found a burning altar of Makhleb.
  5361 | D:5      | Entered Level 5 of the Dungeon
  5399 | D:5      | Reached skill level 7 in Earth Magic
  5693 | D:5      | Demolished by an orc warrior

Illustrated notes

Levels and vault maps discovered:
D:1:      dpeg_arrival_round_c, layout_basic,
          dreamdust_ecumenical_altar_drowned_temple, minivault_11
D:2:      layout_loops_corners
D:3:      layout_loops_corners
D:4:      layout_rooms, minmay_temple_entry_offerings, kennysheep_flooded_box,
          hangedman_decor_lopped, uniq_pargi
D:5:      wad_crossroads, layout_basic, uniq_duvessa, uniq_menkaure
Temple:   regret_index_temple_mists

Skill      XL: |  1  2  3  4  5  6  7 |
---------------+----------------------+-----
Earth Magic    | 4 5 6 7 |  7.0
Conjurations   | 1 2 3 4 |  4.7
Dodging        | |  1.7
Stealth        | |  2.4
Spellcasting   | |  2.7
Transmutations | |  1.1

Action                   |  1- 3 |  4- 6 |  7- 9 || total
-------------------------+-------+-------+-------++-------
Melee: Quick blade       |   113 |    74 |    17 ||   204
       Punch             |     1 |     2 |       ||     3
 Cast: Sandblast         |    12 |    24 |     3 ||    39
       Stone Arrow       |       |     9 |    18 ||    27
Evoke: Wand              |       |       |     5 ||     5
 Stab: Sleeping          |     7 |     2 |       ||     9
Armor: Robe              |    17 |     7 |     6 ||    30
Dodge: Dodged            |    57 |    41 |    19 ||   117

Table legend: (Time is in decaauts)
 A = Elapsed time spent in this place.
 B = Non-inter-level travel time spent in this place.
 C = Inter-level travel time spent in this place.
 D = Time resting spent in this place.
 E = Time spent auto-exploring this place.
 F = Levels seen in this place.
 G = Mean time per level.
                   A        B        C        D        E       F      G
               +--------+--------+--------+--------+--------+-----+--------+
         Total |   5635 |   5521 |    114 |    839 |   3819 |   6 |  939.2 |
       Dungeon |   5306 |   5207 |     99 |    806 |   3687 |   5 | 1061.2 |
        Temple |    329 |    314 |     15 |     33 |    132 |   1 |  329.0 |
               +--------+--------+--------+--------+--------+-----+--------+

Top non-repeatable levels by time:
     D:3: 1581 daAuts
     D:4: 1249 daAuts
     D:2: 1207 daAuts
     D:1: 938 daAuts
     D:5: 329 daAuts
  Temple: 329 daAuts
